 Dungeon Crawl Stone Soup version 0.31-a0-210-gccc998df9b (webtiles) character file.

Game seed: 17336107237975927168

46 qw the Chopper (level 3, -4/23 HPs)
             Began as a Gargoyle Fighter on June 29, 2023.
             Slain by a gnoll
             ... wielding a +0 halberd
              (8 damage)
             ... on level 2 of the Dungeon.
             The game lasted 00:00:26 (1012 turns).

qw the Chopper (Gargoyle Fighter)                   Turns: 1012, Time: 00:00:27

Health: -4/23      AC: 14    Str: 21    XL:     3   Next: 66%
Magic:  0/3        EV:  5    Int:  8    God:
Gold:   119        SH:  4    Dex:  9    Spells: 2/2 levels left

rFire   . . .        Y - +0 war axe
rCold   . . .        c - +0 buckler
rNeg    + . .        g - +0 plate armour
rPois   inf          (no helmet)
rElec   +            (no cloak)
rCorr   .            (no gloves)
SInv    .            (no boots)
Will    .....        e - amulet of guardian spirit Stlth
                     (no ring)
HPRegen 0.23/turn    (no ring)
MPRegen 0.08/turn

%: guardian spirit
@: no status effects
A: sickness immunity, AC +3, negative energy resistance 1, electricity
resistance, torment resistance 1, petrification resistance
a: no special abilities


You were on level 2 of the Dungeon.
You visited 1 branch of the dungeon, and saw 2 of its levels.

You collected 119 gold pieces.


Innate Abilities, Weirdness & Mutations

You are immune to sickness and miasma.
Your stone body is resilient. (AC +3)
You are immune to poison.
You resist negative energy. (rN+)
You are resistant to electric shocks. (rElec)
You are resistant to unholy torment.
You are immune to petrification.


   Skills:
 - Level 3.2 Fighting
 + Level 3.5 Axes
 - Level 3.2 Armour
 - Level 3.2 Shields


You had 2 spell levels left.
You didn't know any spells.
Your spell library was empty.

Inventory:

Hand Weapons
 h - a +0 mace
 Y - a +0 war axe (weapon)
Armour
 c - a +0 buckler (worn)
 g - a +0 plate armour (worn)
Jewellery
 e - an amulet of guardian spirit (around neck)
Scrolls
 i - a scroll of teleportation {unknown}
 j - a scroll of identify
Potions
 a - a potion of curing {unknown}
 b - a potion of resistance {unknown}
 d - a potion of might
 f - a potion of lignification {unknown}

Dungeon Overview and Level Annotations

Branches:
Dungeon (2/15)

Altars:

Shops:
D:2 [


Message History

Enter note:
There is a stone staircase leading down here.
A gnoll comes into view. It is wielding a +0 spear.
The gnoll shouts!
You hear a shout!
The gnoll moves out of view.
A gnoll comes into view. It is wielding a +0 halberd.
Enter note:
997 ||| Stepping ~*~*~tactically~*~*~ (stealth).
The gnoll moves out of view.
The gnoll shouts!
999 ||| Stepping ~*~*~tactically~*~*~ (hiding).
You start waiting.
A gnoll is nearby!
You block the gnoll's attack.
You barely miss the gnoll. You block the gnoll's attack.
A gnoll comes into view. It is wielding a +0 spear.
You barely miss the gnoll.
The gnoll shouts!
You block the gnoll's attack.
A gnoll comes into view. It is wielding a +0 whip.
You barely miss the gnoll.
The gnoll hits you but does no damage. x3
You closely miss the gnoll. The gnoll barely misses you.
The gnoll hits you from afar with a +0 spear!
You slash the gnoll!
The gnoll is severely wounded.
The gnoll hits you with a +0 halberd. The gnoll completely misses you.
You hit the gnoll.
The gnoll is severely wounded.
The gnoll barely misses you. x2; The gnoll hits you with a +0 halberd!
The gnoll hits you from afar with a +0 spear.
You barely miss the gnoll.
The gnoll is severely wounded.
The gnoll hits you but does no damage. The gnoll hits you with a +0 halberd.
You closely miss the gnoll.
The gnoll is severely wounded.
The gnoll hits you with a +0 halberd!
You die...

%##### #
#...##.#....#
/....#
#.####...##.#
.###.# #.#
######.# .#
#.# #.# #.# ##
#.#
##.#########.#
#.#
#.........>..#
#.#
#..###########
#.# #..# #.#
#@.# #.#
...gggg..# #.#
########.#
####.# #.#
.....# ..#
###### ###
....# ###.#


You could see 4 gnolls.

Vanquished Creatures
  3 adders (D:2)
  3 ball pythons
  2 giant cockroaches
  2 goblins (D:1)
  2 hobgoblins
  A quokka (D:1)
  3 bats
  2 frilled lizards (D:1)
  A kobold (D:1)
  2 rats
21 creatures vanquished.

Notes
Turn   | Place    | Note
-------+----------+-------------------------------------------
     0 | D:1      | qw the Gargoyle Fighter began the quest for the Orb.
     0 | D:1      | Reached XP level 1. HP: 14/14 MP: 1/1
     0 | D:1      | 0 ||| qw: Version: 0.3-a-24-ga2abf7b
     0 | D:1      | 0 ||| qw: Game counter: 6817
     0 | D:1      | 0 ||| qw: Melee chars always use a shield: true
     0 | D:1      | 0 ||| qw: God list: Okawaru
     0 | D:1      | 0 ||| qw: Allow faded altars: false
     0 | D:1      | 0 ||| qw: Do Orc after clearing Dungeon:15 true
     0 | D:1      | 0 ||| qw: Do second Lair branch before Depths: true
     0 | D:1      | 0 ||| qw: Lair rune preference: random
     0 | D:1      | 0 ||| qw: Goals: Normal, Zot:1-4, Slime:5, God:TSO, Crypt,
                  | Tomb, Abyss, Pan, Hells, Win
     0 | D:1      | 0 ||| PLANNING D:1-11
   180 | D:1      | 180 ||| DROPPING +0 whip.
   230 | D:1      | Reached XP level 2. HP: 19/19 MP: 2/2
   657 | D:1      | 657 ||| UPGRADING to +0 plate armour.
   667 | D:1      | 667 ||| DROPPING +0 scale mail.
   668 | D:1      | 668 ||| UPGRADING to amulet of guardian spirit.
   673 | D:1      | 673 ||| READING scroll labelled SIADIYCODI.
   736 | D:2      | Reached skill level 3 in Axes
   751 | D:2      | 751 ||| Stepping ~*~*~tactically~*~*~ (stealth).
   760 | D:2      | Reached XP level 3. HP: 19/23 MP: 3/3
   916 | D:2      | Found Tubaocwol's Armour Shoppe.
   997 | D:2      | 997 ||| Stepping ~*~*~tactically~*~*~ (stealth).
   999 | D:2      | 999 ||| Stepping ~*~*~tactically~*~*~ (hiding).
  1011 | D:2      | HP: 4/23 [gnoll/+0 halberd (2)]
  1012 | D:2      | Slain by a gnoll

Levels and vault maps discovered:
D:1:      shiori_shiawase, layout_basic
D:2:      layout_loops_ring, serial_shops, shop, minmay_goblin_kobold_house

Skill      XL: |  1  2 |
---------------+-------+-----
Axes           | 2 3 |  3.5
Fighting       | |  3.2
Armour         | |  3.2
Shields        | |  3.2

Action                     || total
---------------------------++-------
  Melee: War axe           ||    79
    Use: Scroll            ||     1
 Armour: Scale mail        ||    27
         Plate armour      ||    25
  Dodge: Dodged            ||    27
  Block: Buckler           ||    20

Table legend:
 A = Non-vault XP
 B = Vault XP
 C = Vault XP percentage of total XP
 D = Non-vault monster count
 E = Vault monster count
 F = Vault count percentage of total count
                 A         B        C        D         E       F
            +---------+---------+-------+---------+---------+-------
      Total |      66 |       0 |   0.0 |      21 |       0 |   0.0
            +---------+---------+-------+---------+---------+-------
        D:1 |      19 |       0 |   0.0 |      13 |       0 |   0.0
        D:2 |      47 |       0 |   0.0 |       8 |       0 |   0.0
            +---------+---------+-------+---------+---------+-------
